 Dungeon Crawl Stone Soup version 0.29.1-12-g30fa7ad0bf (webtiles) character file.

Game seed: 12180779716031326942

1280 growler the Fighter (level 8, -1/71 HPs)
             Began as a Demonspawn Wanderer on Jan 16, 2023.
             Slain by a black bear (6 damage)
             ... on level 5 of the Dungeon.
             The game lasted 00:13:51 (5578 turns).

growler the Fighter (Demonspawn Wanderer)           Turns: 5578, Time: 00:13:51

Health: -1/71      AC:  5    Str: 11    XL:     8   Next: 29%
Magic:  9/9        EV: 11    Int: 16    God:
Gold:   218        SH:  0    Dex: 14    Spells: 8/9 levels left

rFire   . . .      SeeInvis .   a - +1 falchion (spect)
rCold   . . .      Faith    .   (no shield)
rNeg    . . .      Spirit   .   c - +0 robe
rPois   .          Reflect  .   (no helmet)
rElec   .          Harm     .   r - +0 cloak
rCorr   .          Rampage  .   (no gloves)
Will    .....                   (no boots)
Stlth   +.........              (no amulet)
HPRegen 0.21/turn               (no ring)
MPRegen 0.11/turn               (no ring)

@: no status effects
A: icy blue scales 1, demonic guardian 2, foul stench 1, weakness stinger 1
a: no special abilities


You were on level 5 of the Dungeon.
You visited 1 branch of the dungeon, and saw 7 of its levels.
You also visited: Sewer.

You collected 218 gold pieces.

Inventory:

Hand Weapons
 a - a +1 spectral falchion (weapon)
Armour
 c - a +0 robe (worn)
 r - a +0 cloak (worn)
Jewellery
 p - an amulet of magic regeneration
 q - an amulet of guardian spirit
 A - a ring of protection from cold
Wands
 g - a wand of paralysis (11)
 y - a wand of digging (5)
Scrolls
 b - 2 scrolls of fog
 e - a scroll of teleportation {unknown}
 j - a scroll of immolation {unknown}
 s - a scroll of poison {unknown}
 u - a scroll of fear {unknown}
 v - a scroll of amnesia {unknown}
 w - a scroll of blinking {unknown}
 x - a scroll of brand weapon
 z - a scroll of silence {unknown}
 B - a scroll of noise {unknown}
Potions
 d - a potion of mutation
 f - 6 potions of flight {unknown}
 h - 3 potions of haste {unknown}
 i - a potion of magic
 k - a potion of resistance
 l - 2 potions of degeneration
 m - 2 potions of berserk rage
 n - 4 potions of curing
 o - a potion of heal wounds
 t - a potion of might {unknown}


   Skills:
 - Level 9.0 Fighting
 + Level 5.6 Long Blades
 - Level 1.0 Armour
 - Level 1.0 Spellcasting
 - Level 3.2 Necromancy


You had 8 spell levels left.
You knew the following spells:

 Your Spells              Type           Power      Damage    Failure   Level
a - Necrotise             Necr           44%        1d6       6%          1

Your spell library contained the following spells:

 Spells                   Type           Power      Damage    Failure   Level
 Vampiric Draining        Necr           11%        2d6       19%         3
 Anguish                  Hex/Necr       3%         N/A       75%         4
 Petrify                  Tmut/Erth      0%         N/A       92%         4
 Metabolic Englaciation   Hex/Ice        0%         N/A       99%         5
 Statue Form              Tmut/Erth      0%         N/A       100%        6


Dungeon Overview and Level Annotations

Branches:
Dungeon (7/15)              Sewer (visited)
 Temple: D:4-7

Altars:
Fedhas
Nemelex Xobeh

Shops:
D:1 :

Annotations:
D:5 1 runed translucent door, Gadrel's ghost, novice GrAM


Innate Abilities, Weirdness & Mutations

You are partially covered in icy blue scales. (AC +2)
A demonic guardian rushes to your aid.
You may rarely emit foul miasma when damaged in melee.
You have a small tail.


Message History

Your tail-slap misses the black bear.
The black bear is severely wounded.
The black bear bites you but does no damage.
The black bear closely misses you. The black bear claws you.
You hit the black bear.
The black bear is severely wounded.
The black bear bites you. The black bear barely misses you.
The black bear misses you.
You completely miss the black bear.
The black bear is severely wounded.
The black bear closely misses you. The black bear barely misses you.
The black bear claws you.
You barely miss the black bear.
The black bear is severely wounded.
The black bear goes berserk!
You barely miss the black bear.
The black bear is severely wounded.
The black bear closely misses you. The black bear claws you. x2
The black bear barely misses you.
The black bear claws you but does no damage.
The black bear claws you.
* * * LOW HITPOINT WARNING * * *
You slash the black bear!
The black bear is almost dead.
The black bear bites you.
* * * LOW HITPOINT WARNING * * *
The black bear completely misses you.
The black bear claws you but does no damage.
Unknown command.
You hit the black bear.
The black bear is almost dead.
The black bear bites you!
* * * LOW HITPOINT WARNING * * *
A demonic guardian appears!
The black bear barely misses you. The black bear claws you.
* * * LOW HITPOINT WARNING * * *
The black bear barely misses you. The black bear claws you.
* * * LOW HITPOINT WARNING * * *
The black bear claws you.
You die...

# ...# .> . ...#...
.#...#'.
#####.....### ##
#.........).. #.
#......⌠......######.
#....................
#####h....##########.
##.@#...#..# #.
#..4#...# . #.
#>.##...# #. ####
....##### #.
#..#.#..# #. ##.....#
#. #.#..#### #.
.......###.
#.........


You could see a black bear (berserk, ally target) and a friendly rust devil
(summoned).

Vanquished Creatures
  Sigmund (D:5)
  A black bear (D:4)
  2 ogres (D:5)
  A kobold brigand (Sewer)
  A necrophage (D:6)
  A scorpion (D:5)
  2 hounds (D:4)
  10 adders
  A shadow imp (D:5)
  An ufetubus (D:5)
  3 worms
  6 dart slugs
  2 orcs
  11 ball pythons
  3 endoplasms
  2 giant cockroaches
  7 goblins
  6 hobgoblins
  8 jackals
  4 quokkas
  5 bats
  3 frilled lizards
  9 kobolds
  7 rats
97 creatures vanquished.

Vanquished Creatures (collateral kills)
  Prince Ribbit (D:5)
  A phantom (D:6)
  A kobold brigand (Sewer)
  Blork the orc (D:6)
  An adder (Sewer)
  A river rat (Sewer)
  A worm (D:2)
  An endoplasm (D:2)
  2 giant cockroaches (D:3)
  2 rats
12 creatures vanquished.

Grand Total: 109 creatures vanquished

Notes
Turn   | Place    | Note
-------+----------+-------------------------------------------
     0 | D:1      | growler the Demonspawn Wanderer began the quest for the
                  | Orb.
     0 | D:1      | growler set off with the following items: a +1 falchion, a
                  | scroll of fog, a +0 robe; and the following spell
                  | memorised: Necrotise; and the following spells available to
                  | memorise: Vampiric Draining, Anguish.
     0 | D:1      | Reached XP level 1. HP: 19/19 MP: 2/2
    28 | D:1      | Found Vishuquv's Book Shop.
   254 | D:1      | Gained mutation: A weak demonic guardian rushes to your
                  | aid. [demonic ancestry]
   254 | D:1      | Reached XP level 2. HP: 5/26 MP: 3/3
  1203 | D:2      | Reached skill level 5 in Fighting
  1211 | D:2      | Gained mutation: You are partially covered in icy blue
                  | scales. (AC +2) [demonic ancestry]
  1211 | D:2      | Reached XP level 3. HP: 25/33 MP: 4/4
  2388 | D:3      | Found a glowing drain.
  2426 | D:3      | Gained mutation: A demonic guardian rushes to your aid.
                  | [demonic ancestry]
  2426 | D:3      | Reached XP level 4. HP: 39/39 MP: 5/5
  2512 | Sewer    | Entered a sewer
  2536 | Sewer    | Reached skill level 6 in Fighting
  2909 | Sewer    | Gained mutation: You may rarely emit foul miasma when
                  | damaged in melee. [demonic ancestry]
  2909 | Sewer    | Reached XP level 5. HP: 27/47 MP: 6/6
  3108 | Sewer    | Reached skill level 7 in Fighting
  3135 | Sewer    | Reached XP level 6. HP: 8/55 MP: 7/7
  3659 | D:3      | Found a sparkling altar of Nemelex Xobeh.
  4151 | D:4      | Identified the +10 short sword of Ravage {freeze, SInv}
  4483 | D:4      | Reached skill level 8 in Fighting
  4714 | D:4      | Found a blossoming altar of Fedhas.
  4869 | D:5      | Entered Level 5 of the Dungeon
  4872 | D:5      | Gained mutation: You have a small tail. [demonic ancestry]
  4872 | D:5      | Reached XP level 7. HP: 61/63 MP: 8/8
  4917 | D:5      | Found a runed translucent door.
  4920 | D:5      | Noticed Gadrel's ghost (novice GrAM)
  4940 | D:5      | Noticed Prince Ribbit
  4947 | D:5      | Killed Prince Ribbit
  4948 | D:5      | Reached skill level 9 in Fighting
  5014 | D:5      | Noticed Sigmund
  5044 | D:5      | HP: 1/64 [something (4)]
  5067 | D:5      | Killed Sigmund
  5313 | D:5      | Reached XP level 8. HP: 71/71 MP: 9/9
  5342 | D:5      | You fall into a shaft and drop 2 floors!
  5369 | D:6      | Noticed Blork the orc
  5374 | D:6      | Reached skill level 5 in Long Blades
  5377 | D:6      | Killed Blork the orc
  5578 | D:5      | Slain by a black bear

Illustrated notes

Levels and vault maps discovered:
D:1:      scummos_arrival_gate, layout_rooms, serial_shops, shop,
          corexii_item_surrounded_by_moat, feat_on_display
D:2:      layout_basic, minmay_quadrilaterals
D:3:      layout_rooms, nemelex_diamond_rough_becter, gup_sewer_entry_glass
D:4:      layout_loops_cross, fedhas_altar_3
D:5:      layout_loops_ring, overflow_temple_1_default, ebering_ghost_sewer_f,
          grunt_ministairs_6, kennysheep_generic_room_10, uniq_prince_ribbit1,
          uniq_sigmund, uniq_ijyb
D:6:      layout_cave_pools, nicolae_ru_great_annihilating_truth,
          gammafunk_ghost_grave, chequers_jeans, uniq_blork_the_orc
D:7:      layout_loops_cross, trog_book, grunt_temple_overflow_open,
          temple_green, uniq_maggie

Skill      XL: |  1  2  3  4  5  6  7  8 |
---------------+-------------------------+-----
Fighting       | 5 6 7 8 9 |  9.0
Long Blades    | 4 5 |  5.6
Armour         | |  1.0
Spellcasting   | |  1.0
Necromancy     | |  3.2

Action                   |  1- 3 |  4- 6 |  7- 9 || total
-------------------------+-------+-------+-------++-------
Melee: Falchion          |   153 |   181 |    80 ||   414
       Punch             |       |     3 |     3 ||     6
       Tailslap          |       |       |    10 ||    10
  Use: Scroll            |       |     7 |       ||     7
       Potion            |       |       |     1 ||     1
 Stab: Sleeping          |     1 |     2 |       ||     3
Armor: Robe              |    49 |    83 |    25 ||   157
Dodge: Dodged            |   104 |   130 |    43 ||   277
